cohdb
Replays
Latest Replays
All Replays
Popular Replays
Top Player Replays
Match Explorer
How It Works
Community
CoH3 Stats
Reddit
Sign in to upload your games and track your stats! →
Sign in with Steam
Match 45797636
Unlisted
Match 45797636
Overview
Messages
Build Orders
End
Construct Section Command Post
Vickers Machine Gun Team
Infantry Section
Infantry Section
Vickers Machine Gun Team
Grenade Package
Construct Field Infirmary
Construct Platoon Command Post
6-pounder Anti-tank Gun Team
Unlock Bishop Self-propelled Artillery
Humber Armored Car
Humber Armored Car
6-pounder Anti-tank Gun Team
Infantry Section
Construct Company Command Post
Selects Heavy Armor Battlegroup
Selects Light Vehicle Withdraw and Refit
Selects UNKNOWN (202330)
Selects Recon Artillery
Selects Engineer Detachments
Oncle-Hô
creepergold
盖世态保
Atikin
Erkendir Von Darkclaw
cowald
The Spanish Player
SAITAMA
0
0
Comments
sign in to comment!
No comments posted yet!